 Dungeon Crawl Stone Soup version 0.29-a0-340-g6efceafd81 (webtiles) character file.

Game seed: 4328954085641399413

34206 sokol815 the Summoner (level 13, 0/83 HPs)
             Began as an Octopode Gladiator on Apr 20, 2022.
             Was a High Priest of Dithmenos.
             Slain by an elephant (14 damage)
             ... on level 5 of the Lair of Beasts.
             The game lasted 00:58:41 (20884 turns).

sokol815 the Summoner (Octopode Gladiator)         Turns: 20884, Time: 00:58:42

Health: 0/83       AC:  3    Str: 14    XL:     13   Next: 75%
Magic:  12/19      EV: 14    Int: 17    God:    Dithmenos [*****.]
Gold:   1108       SH:  8    Dex: 10    Spells: 7/20 levels left

rFire   + . .      SeeInvis .   a - +11 short sword of Infinity {protect, rElec rF+ Dex-4 Stlth+}
rCold   . . .      Faith    .   K - +3 buckler
rNeg    + . .      Spirit   .   Q - +2 hat {Int+3}
rPois   .          Reflect  .   A - amulet of regeneration
rElec   +          Harm     .   N - ring of positive energy {rN+}
rCorr   +          Rampage  .   X - ring of resist corrosion
Will    .....                   (no ring) Stlth *+++++++++
                                (no ring)
HPRegen 1.03/turn               (no ring)
MPRegen 0.16/turn               (no ring)
                                (no ring)
                                (no ring)

@: wreathed by umbra
A: almost no armour, amphibious, 8 rings, camouflage 1, gelatinous body 1,
(nimble swimmer 1), tentacles
a: Renounce Religion, Shadow Step, Shadow Form


You were on level 5 of the Lair of Beasts.
You worshipped Dithmenos.
Dithmenos was extremely pleased with you.
You visited 3 branches of the dungeon, and saw 17 of its levels.

You collected 1108 gold pieces.

Inventory:

Hand Weapons
 a - the +11 short sword of Infinity (weapon) {protect, rElec rF+ Dex-4 Stlth+}
   (You found it on level 2 of the Lair of Beasts)

   It grants its wielder temporary protection when it strikes (+7 to AC).
   Dex:       It affects your dexterity (-4).
   rF:        It protects you from fire.
   rElec:     It insulates you from electricity.
   Stlth:     It makes you more stealthy.
 b - a +1 short sword of freezing
   (You took it off a kobold on level 4 of the Dungeon)
 j - a +0 dagger
   (You took it off a kobold on level 2 of the Dungeon)
 o - a +2 whip of freezing
   (You took it off Pikel on level 7 of the Dungeon)
 r - a +1 falchion of holy wrath
   (You found it on level 7 of the Dungeon)
 x - a +2 trident
   (You took it off a wight on level 8 of the Dungeon)
 z - a +0 rapier of chaos
   (You took it off Duvessa on level 7 of the Dungeon)
 D - a +4 short sword of flaming
   (You took it off a kobold on level 3 of the Dungeon)
Missiles
 c - 5 throwing nets {!d}
 d - a javelin
 k - 48 poisoned darts
 l - 8 curare-tipped darts
 s - 426 stones
 F - 2 boomerangs
Armour
 K - a +3 buckler (worn)
   (You found it on level 2 of the Dungeon)
 Q - a +2 hat of intelligence (worn)
   (You took it off Gastronok on level 3 of the Lair of Beasts)
Magical Staves
 g - a staff of cold {rC+}
   (You found it on level 6 of the Dungeon)
 C - a staff of air {rElec}
   (You found it on level 1 of the Lair of Beasts)
 T - a staff of cold {rC+}
   (You found it on level 5 of the Lair of Beasts)
Jewellery
 u - an amulet of guardian spirit
   (You found it on level 8 of the Dungeon)
 A - an amulet of regeneration (around mantle)
   (You found it on level 1 of the Lair of Beasts)
 N - a ring of positive energy (left tentacle) {rN+}
   (You found it on level 5 of the Dungeon)
 X - a ring of resist corrosion (right tentacle)
   (You found it on level 8 of the Dungeon)
Wands
 e - a wand of charming (8)
   (You found it on level 5 of the Dungeon)
 h - a wand of acid (5)
   (You took it off Amaemon on level 3 of the Lair of Beasts)
 i - a wand of iceblast (6)
   (You found it on level 3 of the Lair of Beasts)
 p - a wand of paralysis (5)
   (You found it on level 10 of the Dungeon)
 q - a wand of flame (24)
   (You found it on level 9 of the Dungeon)
 y - a wand of mindburst (9)
   (You found it on level 4 of the Lair of Beasts)
Scrolls
 f - a scroll of enchant weapon
 t - a scroll of enchant armour
 w - 2 scrolls of magic mapping {@r4!r}
 E - a scroll of fear
 I - 2 scrolls of torment {!r}
 O - 2 scrolls of silence
 S - 4 scrolls of identify {@r1}
 V - a scroll of fog
 Y - 5 scrolls of teleportation {@r3}
Potions
 m - a potion of cancellation
 n - 6 potions of attraction {!q}
 v - 2 potions of heal wounds {@q2}
 B - a potion of brilliance
 G - 2 potions of magic
 H - 7 potions of haste
 J - 8 potions of curing {@q1}
 L - 2 potions of flight
 M - a potion of might
 P - a potion of lignification {!q}
 R - a potion of resistance
 U - 10 potions of mutation {!q}


   Skills:
 - Level 6.0 Fighting
 - Level 14.0 Short Blades
 - Level 5.5 Polearms
 - Level 2.0 Throwing
 - Level 6.0 Dodging
 - Level 12.0 Stealth
 - Level 6.0 Shields
 - Level 4.0 Spellcasting
 - Level 4.0 Hexes
 + Level 14.7 Summonings


You had 7 spell levels left.
You knew the following spells:

 Your Spells              Type           Power      Damage    Failure   Level
a - Summon Small Mammal   Summ           100%       N/A       1%          1
b - Summon Cactus Giant   Summ           26%        N/A       8%          6
c - Call Canine Familiar  Summ           52%        N/A       1%          3
d - Summon Guardian Gole  Hex/Summ       35%        N/A       1%          3

Your spell library contained the following spells:

 Spells                   Type           Power      Damage    Failure   Level
 Confusing Touch          Hex            17%        N/A       12%         3
 Tukima's Dance           Hex            17%        N/A       12%         3
 Apportation              Tloc           6%         N/A       21%         1
 Corpse Rot               Necr/Air       6%         N/A       30%         2
 Scorch                   Fire           6%         2d5       30%         2
 Anguish                  Hex/Necr       5%         N/A       65%         4
 Dispel Undead            Necr           3%         3d7       89%         4
 Flame Wave               Conj/Fire      3%         2d4       89%         4
 Yara's Violent Unravell  Hex/Tmut       5%         3d4       94%         5
 Alistair's Intoxication  Tmut/Pois      2%         N/A       99%         5
 Freezing Cloud           Conj/Ice/Air   1%         6-21      99%         5
 Lightning Bolt           Conj/Air       1%         1d12      99%         5
 Death Channel            Necr           1%         N/A       100%        6
 Enfeeble                 Hex            8%         N/A       100%        7
 Necromutation            Tmut/Necr      1%         N/A       100%        8
 Polar Vortex             Ice            1%         N/A       100%        9


Dungeon Overview and Level Annotations

Branches:
Dungeon (11/15)            Temple (1/1) D:5            Lair (5/6) D:9
  Swamp (0/4) Lair:2       Spider (0/4) Lair:4
  Slime: Lair:5-6       Orc: D:9-12

Altars:
Ashenzari
Cheibriados
Dithmenos
Elyvilon
Fedhas
Gozag
Hepliaklqana
Kikubaaqudgha
Makhleb
Nemelex Xobeh
Okawaru
Qazlal
Ru
Sif Muna
Trog
Uskayaw
Vehumet
Wu Jian
Xom
Yredelemnul
Zin
The Shining One

Shops:
D:3 (   D:4 (

Portals:
Abyss: D:8

Annotations:
D:4 1 runed translucent door, NateTC's ghost, novice MiFi
D:5 exclusion: door
D:8 2 transporters, snetch's ghost, novice MiBe
Lair:1 exclusion: hydra
Lair:4 3 runed translucent doors, exclusions: hydra, simulacrum and water moccasin, Ablaaz's ghost, journeyman MfGl


Innate Abilities, Weirdness & Mutations

You cannot wear most types of armour.
You are amphibious.
You can wear up to eight rings at the same time.
Your skin changes colour to match your surroundings (Stealth+).
Your rubbery body absorbs attacks. (AC +1, EV +1)
((You are camouflaged when in or above water. (Stealth+)))
You have tentacles for arms and can constrict up to eight enemies at once.


Message History

You take 16 damage, and have 49/83 hp.
You now have 10/19 mp.
You hit the elephant.
Your weapon exudes an aura of protection.
Your wolf bites the elephant.
The cane toad is struck by your cactus giant's spines.
The cane toad stings your cactus giant!
You puncture the elephant!
Your wolf bites the elephant.
The elephant tramples your wolf!
Your wolf holds its ground!
The elephant trunk-slaps your wolf but does no damage.
The elephant misses you. The elephant trunk-slaps you.
Something tramples your wolf!
Your wolf stumbles backwards!
Your wolf dies!
Your wolf's corpse disappears in a puff of smoke!
You barely miss the elephant. Your squeeze misses the elephant.
Your shadow barely misses the elephant.
You hit the elephant. You block the elephant's attack.
The elephant trunk-slaps you.
Your cactus giant closely misses the cane toad.
You take 1 damage, and have 48/83 hp.
You puncture the elephant! You squeeze the elephant.
Your shadow hits the elephant with a short sword.
You puncture the elephant!
The elephant tramples your guardian golem.
Your guardian golem stumbles backwards!
You puncture the elephant! You squeeze the elephant.
Your shadow hits the elephant but does no damage.
The cane toad misses you.
You puncture the elephant! You squeeze the elephant.
You kill the elephant!
Dithmenos accepts your kill. The elephant misses you.
The elephant barely misses you. The cane toad misses you.
You puncture the cane toad! Your grab misses the cane toad.
The elephant misses you. The elephant closely misses you.
You block the elephant's attack. The elephant barely misses you.
Your guardian golem overheats!
You closely miss the cane toad. Your grab misses the cane toad.
Your shadow closely misses the cane toad.
The cane toad barely misses you.
You hit the cane toad. Your grab misses the cane toad.
Your shadow hits the cane toad but does no damage.
The elephant tramples you!
You stumble backwards!
The elephant tramples you!
* * * LOW HITPOINT WARNING * * *
You hold your ground!
The elephant misses you.
Your cactus giant barely misses the cane toad.
You take 27 damage, and have 24/83 hp.
MASSIVE DAMAGE!!
You hit the elephant.
The cane toad stings your guardian golem!
Flame seeps out of your guardian golem.
You puncture the elephant! You squeeze the elephant!
The elephant barely misses you. The elephant trunk-slaps you.
* * * LOW HITPOINT WARNING * * *
You block the elephant's attack. The elephant closely misses you.
Your guardian golem is engulfed in blazing flames.
Flame seeps out of your guardian golem. What are your orders? t - Shout!
Orders for allies: a - Attack new target. r - Retreat! s - Stop attacking. g - Guard the area. f - Follow me.
Anything else - Cancel.
Guard this area!
The elephant tramples you.
* * * LOW HITPOINT WARNING * * *
You hold your ground!
The elephant trunk-slaps you but does no damage.
The elephant barely misses you. You block the elephant's attack.
Your guardian golem is engulfed in blazing flames.
Flame seeps out of your guardian golem.
You take 1 damage, and have 23/83 hp.
The elephant attacks as you move away! The elephant tramples you!
* * * LOW HITPOINT WARNING * * *
You block the elephant's attack.
Your cactus giant hits the cane toad with a +0 giant spiked club!
The cane toad dies!
Dithmenos accepts your kill.
Your guardian golem is engulfed in blazing flames.
Flame seeps out of your guardian golem.
You take 11 damage, and have 12/83 hp.
The elephant attacks as you move away! The elephant barely misses you.
You block the elephant's attack.
As you read the scroll of fear, it crumbles to dust.
You assume a fearsome visage.
The elephant looks frightened!
The elephant easily resists.
You block the elephant's attack. The elephant barely misses you.
You block the elephant's attack. The elephant trunk-slaps you.
* * * LOW HITPOINT WARNING * * *
You take 1 damage, and have 13/83 hp.
What are your orders? t - Shout!
Orders for allies: a - Attack new target. r - Retreat! s - Stop attacking. g - Guard the area. f - Follow me.
Anything else - Cancel.
Gang up on whom?
Aim: an elephant (lightly wounded, fleeing, umbra) Attack!
The elephant tramples you!
You die...

.........#.#..........#
.........#.#..##..P..P#.
...........##..##.......
........................
.......Y#.....#.........
.....#..C.......#.......
.......9......#.........
......Y...##P.....>.....
...##$@..###...........
... ###P###............
.. ### ##...........
##..####.#.. #### ###.#
###


You could see 2 elephants, a friendly cactus giant (summoned, sheltered) and a
friendly guardian golem (summoned, inner flame).

Vanquished Creatures
  Gastronok (Lair:3)
  Snorg (Lair:4)
  2 boulder beetles (Lair:5)
  7 two-headed ogres
  Sonja (D:10)
  Amaemon (Lair:3)
  Lodul (D:10)
  Pikel (D:7)
  An elephant (Lair:5)
  4 black mambas
  A rust devil (D:11)
  An orange demon (Lair:3)
  Maggie (D:7)
  2 rime drakes (Lair:4)
  An unseen horror (D:10)
  7 cane toads
  6 komodo dragons
  Psyche (D:9)
  A troll (D:10)
  Grinder (D:4)
  13 blink frogs
  A polar bear (Lair:4)
  A hornet (D:7)
  A shadow (D:10)
  A wraith (D:9)
  3 wyverns
  A basilisk (Lair:3)
  38 yaks
  A redback (Lair:4)
  Eustachio (D:4)
  A swamp worm (Lair:2)
  Duvessa (D:7)
  2 acid dragons
  13 water moccasins
  3 orc warriors (D:9)
  An ice beast (D:5)
  3 sky beasts
  5 ogres
  3 centaurs
  3 lemures
  A phantom (D:5)
  2 kobold brigands
  12 bullfrogs
  A gnoll sergeant (D:9)
  5 necrophages
  6 scorpions
  2 wights (D:8)
  Dowan (D:7)
  6 killer bees (D:7)
  2 gnoll shamans
  5 hounds
  2 orc priests
  5 jellies
  4 iguanas
  Terence (D:2)
  Natasha (thrice) (D:4)
  7 orc wizards
  8 adders
  15 gnolls
  A white imp (D:5)
  An ufetubus (D:6)
  2 worms
  2 dart slugs
  25 orcs
  7 endoplasms
  A giant cockroach (D:1)
  4 goblins
  6 hobgoblins
  10 jackals
  3 quokkas
  4 ball pythons
  9 bats
  4 frilled lizards
  13 kobolds
  7 rats
325 creatures vanquished.

Vanquished Creatures (collateral kills)
  A black mamba (Lair:4)
  A cane toad (Lair:5)
  A wraith (D:10)
  6 yaks
  2 basilisks
  A wight (D:8)
  An orc priest (D:9)
13 creatures vanquished.

Vanquished Creatures (others)
  37 fungi
  59 plants
96 creatures vanquished.

Grand Total: 434 creatures vanquished

Notes
Turn   | Place    | Note
-------+----------+-------------------------------------------
     0 | D:1      | sokol815 the Octopode Gladiator began the quest for the
                  | Orb.
     0 | D:1      | Reached XP level 1. HP: 14/14 MP: 1/1
    50 | D:1      | Reached XP level 2. HP: 10/19 MP: 2/2
   316 | D:1      | You fall into a shaft and drop 1 floor!
   511 | D:1      | Reached skill level 4 in Polearms
   673 | D:1      | Reached XP level 3. HP: 24/24 MP: 3/3
   689 | D:1      | Found a faded altar of an unknown god.
  1307 | D:2      | Noticed Terence
  1327 | D:2      | Killed Terence
  1328 | D:2      | Reached skill level 5 in Polearms
  1328 | D:2      | Reached XP level 4. HP: 24/29 MP: 4/4
  1400 | D:2      | Identified a scroll of acquirement
  1400 | D:2      | Acquired a manual of Short Blades
  1862 | D:3      | Reached XP level 5. HP: 17/34 MP: 5/5
  2245 | D:3      | Found a glowing silver altar of Zin.
  2270 | D:3      | Found a blossoming altar of Fedhas.
  2360 | D:3      | Found Roynojo's Weapon Boutique.
  2479 | D:4      | Found a runed translucent door.
  2480 | D:4      | Noticed Eustachio
  2510 | D:4      | Found a bloodstained altar of Trog.
  2551 | D:4      | HP: 5/34 [poisoned by a scorpion]
  2552 | D:4      | Reached skill level 1 in Short Blades
  2552 | D:4      | Reached skill level 2 in Stealth
  2556 | D:4      | Reached skill level 2 in Short Blades
  2606 | D:4      | HP: 4/34 [orc priest/divine providence (16)]
  2609 | D:4      | Reached skill level 3 in Stealth
  2616 | D:4      | Reached XP level 6. HP: 23/39 MP: 6/6
  2759 | D:4      | Noticed Grinder
  2798 | D:4      | Reached skill level 3 in Short Blades
  2798 | D:4      | Reached skill level 4 in Stealth
  2966 | D:4      | Noticed Natasha
  2971 | D:4      | Killed Natasha
  3024 | D:4      | HP: 9/39 [Grinder (6)]
  3026 | D:4      | Killed Grinder
  3027 | D:4      | Reached skill level 5 in Short Blades
  3027 | D:4      | Reached skill level 5 in Stealth
  3027 | D:4      | Reached XP level 7. HP: 10/45 MP: 7/7
  3295 | D:4      | Noticed Natasha
  3310 | D:4      | Killed Natasha
  3579 | D:4      | Reached skill level 6 in Short Blades
  3630 | D:4      | Reached skill level 6 in Stealth
  3826 | D:4      | Found Fyegypri's Weapon Emporium.
  3884 | D:4      | Noticed NateTC's ghost (novice MiFi)
  3920 | D:4      | Noticed Natasha
  3928 | D:4      | Killed Natasha
  4022 | D:5      | Entered Level 5 of the Dungeon
  4025 | D:5      | Found a shimmering blue altar of Sif Muna.
  4046 | D:4      | HP: 9/45 [sky beast (5)]
  4300 | D:5      | Noticed a yak
  4301 | D:5      | Noticed a yak
  4301 | D:5      | Noticed a yak
  4310 | D:5      | Found a staircase to the Ecumenical Temple.
  4316 | Temple   | Entered the Ecumenical Temple
  4537 | Temple   | Became a worshipper of Dithmenos the Shadowed
  4597 | D:5      | Learned a level 3 spell: Call Canine Familiar
  4599 | D:5      | Learned a level 1 spell: Summon Small Mammal
  4641 | D:5      | Noticed a yak
  4663 | D:4      | HP: 7/45 [yak (14)]
  4676 | D:4      | HP: 11/45 [yak (16)]
  4831 | D:5      | Reached skill level 1 in Summonings
  4832 | D:5      | Reached skill level 7 in Short Blades
  5032 | D:5      | Reached XP level 8. HP: 49/50 MP: 8/8
  5071 | D:5      | Found a broken altar of Ashenzari.
  5081 | D:5      | Got Upnitaz's Catalogue of Dark Magic
  5087 | D:5      | Found an opulent altar of Gozag.
  5107 | D:5      | Reached skill level 7 in Stealth
  5135 | D:5      | Reached skill level 2 in Summonings
  5492 | D:6      | Reached skill level 3 in Summonings
  5581 | D:6      | Reached skill level 8 in Short Blades
  5769 | D:6      | Reached * piety under Dithmenos
  5770 | D:6      | Reached skill level 8 in Stealth
  5770 | D:6      | Reached skill level 4 in Summonings
  6021 | D:6      | Got the Handbook of Frigorific Battle Magic
  6038 | D:6      | Reached skill level 5 in Summonings
  6038 | D:6      | Reached XP level 9. HP: 54/54 MP: 9/9
  6131 | D:6      | Found a sacrificial altar of Ru.
  6387 | D:7      | Found a radiant altar of Vehumet.
  6387 | D:7      | Noticed Pikel
  6733 | D:7      | HP: 11/54 [Pikel/+2 whip of freezing (4)]
  6734 | D:7      | Killed Pikel
  6735 | D:7      | Reached skill level 9 in Short Blades
  6735 | D:7      | Reached skill level 9 in Stealth
  6735 | D:7      | Reached skill level 6 in Summonings
  6950 | D:7      | Noticed a hornet
  6968 | D:7      | Killed a hornet
  7818 | D:7      | Reached skill level 7 in Summonings
  7820 | D:7      | Reached skill level 10 in Short Blades
  8212 | D:7      | Reached skill level 10 in Stealth
  8221 | D:6      | Reached ** piety under Dithmenos
  8306 | D:7      | Found a white marble altar of Elyvilon.
  8307 | D:7      | Found a shimmering altar of Xom.
  8307 | D:7      | Found a stormy altar of Qazlal.
  8310 | D:7      | Found an iron altar of Okawaru.
  8341 | D:7      | Noticed Maggie
  8361 | D:7      | Killed Maggie
  8362 | D:7      | Reached XP level 10. HP: 57/60 MP: 3/10
  8597 | D:7      | Noticed Duvessa
  8597 | D:7      | Noticed Dowan
  8600 | D:7      | Killed Dowan
  8612 | D:7      | Killed Duvessa
  9095 | D:6      | Reached skill level 8 in Summonings
  9357 | D:6      | Reached skill level 11 in Short Blades
  9475 | D:5      | Reached skill level 11 in Stealth
  9876 | D:4      | Killed Eustachio
 10033 | D:8      | Noticed a two-headed ogre
 10251 | D:8      | Found a transporter.
 10499 | D:8      | Found a one-way gate to the infinite horrors of the Abyss.
 10499 | D:8      | Noticed snetch's ghost (novice MiBe)
 10509 | D:8      | Found a transporter.
 10534 | D:8      | Killed a two-headed ogre
 10535 | D:8      | Reached skill level 12 in Short Blades
 10535 | D:8      | Reached skill level 12 in Stealth
 10535 | D:8      | Reached skill level 1 in Shields
 10690 | D:8      | Reached skill level 2 in Shields
 10715 | D:8      | Reached skill level 3 in Shields
 10726 | D:8      | HP: 9/60 [yak (15)]
 11170 | D:9      | Noticed Psyche
 11171 | D:9      | Reached skill level 13 in Short Blades
 11173 | D:9      | HP: 15/60 [yak (1)]
 11419 | D:9      | Reached skill level 4 in Shields
 11476 | D:9      | Reached XP level 11. HP: 59/64 MP: 11/11
 11945 | D:9      | Reached skill level 5 in Shields
 11981 | D:9      | Reached *** piety under Dithmenos
 12212 | D:9      | Found a staircase to the Lair.
 12296 | D:9      | Identified the +7 plate armour of the Forest {Harm Rampage
                  | rElec Dex-3}
 12741 | D:9      | Reached skill level 14 in Short Blades
 12900 | D:9      | HP: 16/64 [orc warrior/+0 battleaxe (22)]
 13576 | D:10     | Entered Level 10 of the Dungeon
 13610 | D:9      | Killed Psyche
 13691 | D:10     | Reached skill level 6 in Shields
 13702 | D:10     | Learned a level 6 spell: Summon Cactus Giant
 13768 | D:10     | Reached skill level 3 in Fighting
 13800 | D:10     | Noticed Lodul
 13800 | D:10     | Noticed a two-headed ogre
 13800 | D:10     | Noticed a two-headed ogre
 13801 | D:10     | Noticed a two-headed ogre
 13802 | D:10     | Noticed a two-headed ogre
 13804 | D:10     | Killed a two-headed ogre
 13805 | D:10     | Reached skill level 4 in Dodging
 13805 | D:10     | Reached skill level 9 in Summonings
 13806 | D:10     | Killed a two-headed ogre
 13807 | D:10     | Killed a two-headed ogre
 13809 | D:10     | Killed Lodul
 13810 | D:10     | Reached skill level 4 in Fighting
 13812 | D:10     | Killed a two-headed ogre
 13812 | D:10     | Reached **** piety under Dithmenos
 13813 | D:10     | Reached skill level 5 in Dodging
 13813 | D:10     | Reached XP level 12. HP: 75/75 MP: 12/12
 13814 | D:10     | Reached skill level 10 in Summonings
 14140 | D:10     | Noticed a two-headed ogre
 14156 | D:10     | Killed a two-headed ogre
 14157 | D:10     | Reached skill level 5 in Fighting
 14772 | D:10     | Found a burning altar of Makhleb.
 14774 | D:10     | Noticed Sonja
 14782 | D:10     | HP: 15/77 [asphyx]
 15059 | D:10     | Killed Sonja
 15476 | D:10     | Noticed a two-headed ogre
 15493 | D:10     | Killed a two-headed ogre
 15494 | D:10     | Reached skill level 6 in Dodging
 15934 | Lair:1   | Entered Level 1 of the Lair of Beasts
 16138 | Lair:1   | HP: 13/78 [yak (13)]
 16440 | Lair:1   | Reached skill level 6 in Fighting
 16440 | Lair:1   | Reached skill level 11 in Summonings
 16905 | Lair:1   | Noticed an eight-headed hydra
 17378 | Lair:2   | Reached skill level 1 in Spellcasting
 17385 | Lair:2   | Learned a level 3 spell: Summon Guardian Golem
 17417 | Lair:2   | Identified the +11 short sword of Infinity {protect, rElec
                  | rF+ Dex-4 Stlth+}
 17472 | Lair:2   | Reached skill level 1 in Hexes
 17504 | Lair:2   | Reached skill level 2 in Hexes
 17582 | Lair:2   | Reached skill level 3 in Hexes
 17678 | Lair:2   | Identified the +3 leather armour "Gophe" {rC++ MP+9 Slay-6
                  | Stlth+}
 17862 | Lair:2   | Found a staircase to the Swamp.
 18156 | Lair:2   | Reached skill level 4 in Hexes
 18156 | Lair:2   | Reached skill level 12 in Summonings
 18291 | Lair:3   | Reached XP level 13. HP: 83/83 MP: 14/14
 18384 | Lair:3   | Noticed Amaemon
 18387 | Lair:3   | Reached ***** piety under Dithmenos
 18464 | Lair:3   | Killed Amaemon
 18465 | Lair:3   | Reached skill level 2 in Spellcasting
 18634 | Lair:3   | Reached skill level 3 in Spellcasting
 18776 | Lair:3   | Noticed Gastronok
 18786 | Lair:3   | Killed Gastronok
 18976 | Lair:3   | Reached skill level 4 in Spellcasting
 19210 | Lair:4   | Noticed Snorg
 19214 | Lair:4   | Killed Snorg
 19215 | Lair:4   | Reached skill level 13 in Summonings
 19239 | Lair:4   | HP: 18/83 [poisoned by a black mamba]
 19244 | Lair:4   | HP: 8/83 [poisoned by a black mamba]
 19249 | Lair:4   | HP: 7/83 [poisoned by a black mamba]
 19689 | Lair:4   | Found a hole to the Spider Nest.
 20081 | Lair:4   | Found a runed translucent gate.
 20081 | Lair:4   | Found a runed translucent gate.
 20081 | Lair:4   | Found a runed translucent gate.
 20089 | Lair:4   | Noticed Ablaaz's ghost (journeyman MfGl)
 20163 | Lair:4   | Reached skill level 14 in Summonings
 20880 | Lair:5   | HP: 11/83 [elephant (12)]
 20884 | Lair:5   | Slain by an elephant

Illustrated notes

Levels and vault maps discovered:
D:1:      wheals_arrival_shading, layout_rooms, ebering_ecumenical_altar_webs
D:2:      layout_basic, uniq_terence
D:3:      layout_rooms, lemuel_tele_altar, general_overflow_altar, serial_shops,
          nicolae_diamond_shop, minmay_pentomino_pile
D:4:      layout_gridville, bloody_trog, serial_shops,
          nicolae_shop_bloodbath_and_beyond, ebering_ghost_sewer_d,
          serial_bayou, serial_bayou_shore_a, serial_bayou_ford_a,
          serial_bayou_pond_c, serial_bayou_pond_b, uniq_eustachio,
          uniq_natasha, uniq_grinder
D:5:      layout_cave_pools, nicolae_gozag_seed_capital,
          mainiacjoe_overflow_chevrons, nicolae_ashenzari_skybound,
          minmay_temple_entry_hall, small_statue_alley_b
D:6:      layout_basic, nicolae_ru_great_annihilating_truth,
          minmay_chambers_of_fives
D:7:      layout_basic, minitemple, fiery_altar_vehumet,
          chequers_serial_rivers_small_b, grunt_ministairs_9,
          serial_park_tiny_2, uniq_duvessa, uniq_pikel, uniq_maggie
D:8:      layout_rooms, gammafunk_ghost_abyssal_escape
D:9:      layout_roguey, grunt_lair_entry_orc_guard_hut, uniq_psyche
D:10:     layout_basic, demons_altar, lemuel_old_faithful, uniq_sonja,
          uniq_lodul
D:11:     layout_long_grid, serial_shops, nicolae_shop_window_shopping,
          uniq_josephine, uniq_harold
Temple:   compressed_dpeg_triangle_lava_temple
Lair:1:   layout_cave_pods
Lair:2:   layout_concentric_octagons, minmay_swamp_entry_worms,
          lemuel_fruit_fields
Lair:3:   layout_regular_city, uniq_amaemon, uniq_gastronok
Lair:4:   layout_regular_city, spider_nest_entry_a, gammafunk_ghost_necromancy,
          infiniplex_staircase_pool, serial_bayou_shore_b, uniq_snorg
Lair:5:   layout_gridlike, slime_dummy, roderic_carrion_pond,
          grunt_megastairs_2, lemuel_fruit_tree

Skill      XL: |  1  2  3  4  5  6  7  8  9 10 11 12 13 |
---------------+----------------------------------------+-----
Polearms       | 4 5 |  5.5
Short Blades   | 2 5 7 8 10 13 14 | 14.0
Stealth        | 3 5 6 8 10 12 | 12.0
Summonings     | 1 5 7 8 9 12 14 | 14.7
Shields        | 4 6 |  6.0
Fighting       | 4 6 |  6.0
Dodging        | 5 6 |  6.0
Spellcasting   | 1 4 |  4.0
Hexes          | 4 |  4.0
Throwing       | |  2.0

Action                   |  1- 3 |  4- 6 |  7- 9 | 10-12 | 13-15 || total
-------------------------+-------+-------+-------+-------+-------++-------
Melee: Trident           |    73 |    27 |       |     4 |       ||   104
       Tentacles         |    11 |    19 |    55 |   127 |    35 ||   247
       Constrict         |    11 |    23 |    32 |    36 |    17 ||   119
       Short sword       |       |    47 |   242 |   471 |   162 ||   922
       Punch             |       |     2 |     4 |     4 |     1 ||    11
Throw: Javelin           |     1 |       |       |       |       ||     1
       Throwing net      |       |       |     1 |       |       ||     1
 Cast: Summon Small Mamm |       |       |     1 |    49 |       ||    50
       Call Canine Famil |       |       |     1 |    47 |    10 ||    58
       Summon Guardian G |       |       |       |       |    13 ||    13
       Summon Cactus Gia |       |       |       |       |     1 ||     1
Evoke: Wand              |       |       |     4 |     1 |       ||     5
  Use: Scroll            |       |    12 |     7 |     9 |     4 ||    32
       Potion            |       |     2 |     7 |     3 |       ||    12
 Stab: Sleeping          |     6 |     4 |    14 |    54 |    21 ||    99
       Distracted        |       |       |     2 |     8 |     2 ||    12
       Held in net/web   |       |       |     1 |       |       ||     1
       Paralysed         |       |       |       |     1 |       ||     1
Armor: Skin              |    10 |       |     8 |    14 |    15 ||    47
Dodge: Dodged            |    37 |    22 |   101 |   150 |    60 ||   370
Block: Buckler           |       |    11 |    47 |    88 |    28 ||   174

Table legend: (Time is in decaauts)
 A = Elapsed time spent in this place.
 B = Non-inter-level travel time spent in this place.
 C = Inter-level travel time spent in this place.
 D = Time resting spent in this place.
 E = Time spent auto-exploring this place.
 F = Levels seen in this place.
 G = Mean time per level.
                   A        B        C        D        E       F      G
               +--------+--------+--------+--------+--------+-----+--------+
         Total |  20572 |  19614 |    958 |   7661 |   8536 |  17 | 1210.1 |
       Dungeon |  15509 |  14731 |    778 |   6768 |   5480 |  11 | 1409.9 |
        Temple |    239 |    210 |     29 |      0 |    203 |   1 |  239.0 |
          Lair |   4822 |   4671 |    151 |    893 |   2853 |   5 |  964.4 |
               +--------+--------+--------+--------+--------+-----+--------+

Top non-repeatable levels by time:
     D:7: 2424 daAuts
     D:8: 2077 daAuts
     D:4: 1860 daAuts
     D:9: 1681 daAuts
    D:10: 1666 daAuts
     D:6: 1663 daAuts
  Lair:1: 1387 daAuts
  Lair:4: 1108 daAuts
     D:5: 1096 daAuts
     D:2: 985 daAuts
  Lair:2: 947 daAuts
  Lair:3: 941 daAuts
     D:3: 901 daAuts
     D:1: 897 daAuts
  Lair:5: 437 daAuts

Table legend:
 A = Kills in this place as a percentage of kills in entire the game.
 B = Kills by you in this place as a percentage of kills by you in the entire game.
 C = Kills by friends in this place as a percentage of kills by friends in the entire game.
 D = Other kills in this place as a percentage of other kills in the entire game.
 E = Experience gained in this place as a percentage of experience gained in the entire game.
 F = Experience gained in this place divided by the number of levels of this place that you have seen.
                   A       B       C       D       E      F
               +-------+-------+-------+-------+-------+----------------------
         Total | 100.0 | 100.0 | 100.0 |   N/A | 100.0 | 2874.5
       Dungeon |  73.1 |  73.9 |  53.8 |   N/A |  47.4 | 2104.4
          Lair |  26.9 |  26.1 |  46.2 |   N/A |  52.6 | 5143.8
               +-------+-------+-------+-------+-------+----------------------
